 Dungeon Sprint DCSS version 0.29.1-12-g30fa7ad0bf (webtiles) character file.

Game seed: 3374848892592931071

662 boopmooplesden the Carver (level 7, -11/75 HPs)
             Began as a Minotaur Berserker on Dec 16, 2022.
             Was an Elder of Trog.
             Mangled by a two-headed ogre
             ... wielding a +0 dire flail
              (13 damage)
             ... in the Dungeon (Sprint IX: "|||||||||||||||||||||||||||||").
             The game lasted 00:00:39 (364 turns).

boopmooplesden the Carver (Minotaur Berserker)       Turns: 364, Time: 00:00:41

Health: -11/75     AC: 13    Str: 25    XL:     7   Next: 30%
Magic:  6/6        EV: 10    Int:  7    God:    Trog [****..]
Gold:   0          SH:  0    Dex: 11    Spells: 6/6 levels left

rFire   . . .      SeeInvis .   k - +2 scimitar (holy)
rCold   . . .      Faith    .   (no shield)
rNeg    . . .      Spirit   .   n - +1 chain mail
rPois   .          Reflect  .   (helmet restricted)
rElec   .          Harm     .   l - +0 cloak
rCorr   .          Rampage  .   m - +0 pair of gloves
Will    .....      NoTele   +   (no boots)
Stlth   ..........              (no amulet)
HPRegen 0.22/turn               p - +3 ring of strength
MPRegen 0.10/turn               o - +3 ring of intelligence

@: on berserk cooldown, slowed, very slow
A: horns 2, retaliatory headbutt
a: Renounce Religion, Berserk, Trog's Hand, Brothers in Arms


You were in the Dungeon.
You worshipped Trog.
Trog was greatly pleased with you.
You visited 1 branch

Inventory:

Hand Weapons
 a - a +0 falchion
 k - a +2 scimitar of holy wrath (weapon)
Armour
 b - a +0 animal skin
 l - a +0 cloak (worn)
 m - a +0 pair of gloves (worn)
 n - a +1 chain mail (worn)
Jewellery
 o - a +3 ring of intelligence (right hand)
 p - a +3 ring of strength (left hand)
Wands
 j - a wand of roots (10)
Scrolls
 h - 2 scrolls of blinking
Potions
 c - 5 potions of curing
 d - 3 potions of heal wounds
 e - a potion of haste
 f - 4 potions of magic
 g - a potion of berserk rage
 i - a potion of invisibility


   Skills:
 + Level 11.7 Fighting
 + Level 12.4 Long Blades
 + Level 6.4 Armour
 + Level 7.2 Dodging
 + Level 1.1 Stealth


You had 6 spell levels left.
You didn't know any spells.
Your spell library was empty.

Dungeon Overview and Level Annotations

Branches:
Dungeon (1/1)

Altars:
Cheibriados
Dithmenos
Elyvilon
Fedhas
Gozag
Hepliaklqana
Kikubaaqudgha
Makhleb
Nemelex Xobeh
Okawaru
Qazlal
Ru
Sif Muna
Trog
Uskayaw
Vehumet
Wu Jian
Xom
Yredelemnul
Zin
The Shining One
Jiyva
Lugonu


Innate Abilities, Weirdness & Mutations

You have a pair of horns on your head.
You reflexively headbutt those who attack you in melee.


Message History

Trog accepts your kill.
You feel sick.
Your Fighting skill gained 2 levels and is now at level 11!
Your Long Blades skill increases to level 11!
Your Armour skill increases to level 6!
Your Stealth skill increases to level 1!
You slash the yak! You headbutt the yak.
The yak is moderately wounded.
You feel yourself speed up.
You are no longer berserk.
You are exhausted.
You feel yourself slow down.
You feel sick. The yak gores you but does no damage.
You slash the yak!
The yak is heavily wounded.
Your skin stops crawling.
You feel less strong-willed.
You feel sick. The yak barely misses you. You furiously retaliate!
You headbutt the yak! You slash the yak!
The yak is almost dead.
You feel sick. The yak gores you.
You hit the yak.
You kill the yak!
Trog accepts your kill.
You feel sick.
Your Long Blades skill increases to level 12!
Your Dodging skill increases to level 7!
You have reached level 7!
You slice the two-headed ogre!! You headbutt the two-headed ogre.
The two-headed ogre is moderately wounded.
You feel sick.
The two-headed ogre hits you with a +0 dire flail!!
The two-headed ogre hits you with a +0 giant club!!
* * * LOW HITPOINT WARNING * * *
You barely miss the two-headed ogre. You headbutt the two-headed ogre!
The two-headed ogre is heavily wounded.
You feel sick.
You are no longer poisoned.
The two-headed ogre completely misses you.
The two-headed ogre hits you with a +0 giant club!
You die... ▓▓▓▓▓▓▓▓▓▓▓▓▓▓▓▓▓▓▓▓▓▓▓▓ ______'.?)......@Oo....+ ▓▓▓▓▓▓▓▓▓▓▓▓▓▓▓▓▓▓▓▓▓▓▓▓

You could see a two-headed ogre and an orc warrior.

Vanquished Creatures
  A hornet (D)
  A yak (D)
  An acid dragon (D)
  A centaur (D)
  A scorpion (D)
  A howler monkey (D)
  A jelly (D)
  A dart slug (D)
  A bat (D)
  A goblin (D)
  A kobold (D)
  A quokka (D)
  A ball python (D)
  A frilled lizard (D)
14 creatures vanquished.

Notes
Turn   | Place    | Note
-------+----------+-------------------------------------------
     0 | D        | boopmooplesden the Minotaur Berserker began the quest for
                  | the Orb.
     0 | D        | Reached XP level 1. HP: 19/19 MP: 0/0
    12 | D        | Reached skill level 4 in Long Blades
    12 | D        | Reached ** piety under Trog
   257 | D        | Noticed a howler monkey
   257 | D        | Noticed a jelly
   257 | D        | Noticed a scorpion
   259 | D        | Killed a howler monkey
   260 | D        | Reached skill level 5 in Fighting
   260 | D        | Reached skill level 6 in Long Blades
   260 | D        | Reached XP level 2. HP: 30/30 MP: 1/1
   260 | D        | Reached XP level 3. HP: 37/37 MP: 2/2
   261 | D        | Reached *** piety under Trog
   262 | D        | Reached XP level 4. HP: 45/45 MP: 3/3
   264 | D        | Reached skill level 7 in Long Blades
   266 | D        | Killed a scorpion
   267 | D        | Reached skill level 8 in Long Blades
   272 | D        | Found a snail-covered altar of Cheibriados.
   272 | D        | Found a shadowy altar of Dithmenos.
   272 | D        | Found a white marble altar of Elyvilon.
   272 | D        | Found a blossoming altar of Fedhas.
   272 | D        | Found an opulent altar of Gozag.
   273 | D        | Found a hazy altar of Hepliaklqana.
   274 | D        | Found a viscous altar of Jiyva.
   275 | D        | Found an ancient bone altar of Kikubaaqudgha.
   276 | D        | Found a corrupted altar of Lugonu.
   277 | D        | Found a burning altar of Makhleb.
   278 | D        | Found a sparkling altar of Nemelex Xobeh.
   279 | D        | Found an iron altar of Okawaru.
   280 | D        | Found a stormy altar of Qazlal.
   281 | D        | Found a sacrificial altar of Ru.
   282 | D        | Found a shimmering blue altar of Sif Muna.
   283 | D        | Found a bloodstained altar of Trog.
   284 | D        | Found a hide-covered altar of Uskayaw.
   285 | D        | Found a radiant altar of Vehumet.
   286 | D        | Found an ornate altar of the Wu Jian Council.
   287 | D        | Found a shimmering altar of Xom.
   288 | D        | Found a basalt altar of Yredelemnul.
   289 | D        | Found a glowing silver altar of Zin.
   290 | D        | Found a glowing golden altar of the Shining One.
   342 | D        | Noticed an acid dragon
   342 | D        | Noticed a centaur
   342 | D        | Noticed a hornet
   342 | D        | Noticed a yak
   342 | D        | Noticed an orc warrior
   342 | D        | Noticed a two-headed ogre
   347 | D        | Killed an acid dragon
   348 | D        | Reached skill level 9 in Long Blades
   348 | D        | Reached skill level 5 in Armour
   348 | D        | Reached skill level 5 in Dodging
   348 | D        | Reached XP level 5. HP: 57/57 MP: 4/4
   350 | D        | Killed a centaur
   350 | D        | Reached **** piety under Trog
   351 | D        | Reached skill level 10 in Long Blades
   351 | D        | Reached XP level 6. HP: 66/66 MP: 5/5
   358 | D        | Killed a hornet
   359 | D        | Reached skill level 11 in Long Blades
   359 | D        | Reached skill level 1 in Stealth
   362 | D        | Killed a yak
   363 | D        | Reached skill level 12 in Long Blades
   363 | D        | Reached XP level 7. HP: 52/75 MP: 6/6
   363 | D        | HP: 2/75 [two-headed ogre/+0 dire flail (27)]
   364 | D        | Mangled by a two-headed ogre

Illustrated notes

Levels and vault maps discovered:
D:        linesprint [early_d, line_temple, items_1, d_10, items_2, lair_1,
          lair_end, items_3, orc_1, orc_end, items_4, d_15, swamp_1, shoals_1,
          snake_1, spider_1, d_20, vaults_1, items_5, swamp_end, shoals_end,
          snake_end, spider_end, vaults_end, d_27, items_6, zot_1, zot_end,
          crypt_end, forest_end, elf_end, slime_end, tomb_end, abyss_end,
          pan_hell_end]

Skill      XL: |  1  2  3  4  5  6 |
---------------+-------------------+-----
Fighting       | 5 6 9 11 | 11.7
Long Blades    | 6 9 10 12 | 12.4
Armour         | 3 5 6 |  6.4
Dodging        | 3 4 5 6 7 |  7.2
Stealth        | 1 |  1.1

Action                   |  1- 3 |  4- 6 |  7- 9 || total
-------------------------+-------+-------+-------++-------
Melee: Falchion          |    12 |     5 |       ||    17
       Headbutt          |     3 |     3 |     2 ||     8
       Scimitar          |       |    18 |     2 ||    20
Invok: Berserk           |     1 |     1 |       ||     2
       Trog's Hand       |       |     1 |       ||     1
Armor: Chain mail        |       |     8 |       ||     8
Dodge: Dodged            |     7 |    12 |     1 ||    20
